 Dungeon Crawl Stone Soup version 0.28-a0-1087-gf3fc490d9d (webtiles) character file.

Game seed: 16522647118376230637

3405 bearlyready the Vexing (level 10, 0/74 HPs)
             Began as a Gnoll Arcane Marksman on Dec 10, 2021.
             Was an Initiate of Yredelemnul.
             Slain by an ogre (25 damage)
             ... on level 7 of the Dungeon.
             The game lasted 00:13:34 (9699 turns).

bearlyready the Vexing (Gnoll Arcane Marksman)      Turns: 9699, Time: 00:13:34

Health: 0/74       AC:  4    Str: 10    XL:     10   Next: 4%
Magic:  18/18      EV: 13    Int: 12    God:    Yredelemnul [......]
Gold:   322        SH: 12    Dex: 17    Spells: 19/20 levels left

rFire   . . .      SeeInvis .   b - +1 short sword (venom)
rCold   . . .      Faith    .   r - +2 kite shield
rNeg    + . .      Spirit   .   z - +2 robe {rN+}
rPois   .          Reflect  .   (no helmet)
rElec   .          Harm     +   n - scarf {harm}
rCorr   .          Rampage  .   (no gloves)
Will    .....                   (no boots)
Stlth   +++.......              (no amulet)
HPRegen 0.22/turn               (no ring)
MPRegen 0.16/turn               (no ring)

@: no status effects
A: fangs 1, strong nose, distributed training
a: Renounce Religion, Recall Undead Harvest


You were on level 7 of the Dungeon.
You worshipped Yredelemnul.
Yredelemnul was noncommittal.
You visited 2 branches of the dungeon, and saw 8 of its levels.

You collected 322 gold pieces.

Inventory:

Hand Weapons
 a - a +0 hunting sling
 b - a +1 short sword of venom (weapon)
 e - a +0 spear of venom
 g - a +0 short sword
 q - a +0 whip of electrocution
Missiles
 c - 57 sling bullets
 h - 56 stones
 j - 17 bolts
 l - 69 arrows
 w - a throwing net
 y - a poisoned dart (quivered)
Armour
 d - a +0 robe
 n - a scarf of harm (worn)
 o - a +0 scale mail
 r - a +2 kite shield (worn)
 z - a +2 robe of positive energy (worn)
Wands
 f - a wand of paralysis (1)
 B - a wand of mindburst (6)
Scrolls
 i - 5 scrolls of identify
 k - a scroll of immolation
Potions
 m - a potion of haste
 p - a potion of heal wounds
 s - 3 potions of curing
 t - 3 potions of brilliance
 u - 2 potions of might {unknown}
 v - a potion of resistance {unknown}
 x - a potion of ambrosia {unknown}
 A - a potion of attraction {unknown}


   Skills:
 + Level 5.5 Fighting
 + Level 4.8 Short Blades
 + Level 4.8 Long Blades
 + Level 4.8 Axes
 + Level 4.8 Maces & Flails
 + Level 4.8 Polearms
 + Level 4.8 Staves
 + Level 6.7 Slings
 + Level 4.8 Bows
 + Level 4.8 Crossbows
 + Level 4.8 Throwing
 + Level 4.8 Armour
 + Level 6.7 Dodging
 + Level 4.8 Stealth
 + Level 4.8 Shields
 + Level 4.8 Unarmed Combat
 + Level 5.7 Spellcasting
 + Level 4.0 Conjurations
 + Level 6.8 Hexes
 + Level 4.0 Summonings
 + Level 4.0 Necromancy
 + Level 4.0 Translocations
 + Level 4.0 Transmutations
 + Level 4.0 Fire Magic
 + Level 4.0 Ice Magic
 + Level 4.0 Air Magic
 + Level 4.0 Earth Magic
 + Level 4.0 Poison Magic
 + Level 5.3 Invocations
 + Level 4.8 Evocations


You had 19 spell levels left.
You knew the following spells:

 Your Spells              Type           Power      Damage    Failure   Level
a - Slow                  Hex            76%        N/A       4%          1

Your spell library contained the following spells:

 Spells                   Type           Power      Damage    Failure   Level
 Magic Dart               Conj           52%        1d5       13%         1
 Call Imp                 Summ           13%        N/A       21%         2
 Inner Flame              Hex/Fire       16%        N/A       22%         3
 Portal Projectile        Hex/Tloc       32%        N/A       22%         3
 Mephitic Cloud           Conj/Pois/Air  13%        N/A       36%         3
 Cause Fear               Hex            9%         N/A       38%         4
 Hailstorm                Conj/Ice       13%        3d5       78%         4
 Ice Form                 Ice/Tmut       13%        N/A       78%         4
 Simulacrum               Ice/Necr       6%         N/A       100%        6


Dungeon Overview and Level Annotations

Branches:
Dungeon (7/15)             Temple (1/1) D:5

Altars:
Nemelex Xobeh
Yredelemnul

Annotations:
D:4 Sigmund


Innate Abilities, Weirdness & Mutations

You have very sharp teeth.
Your uncanny sense of smell can sniff out nearby items.
Your experience applies equally to all skills.


Message History

Your ogre zombie misses the gnoll sergeant.
The gnoll sergeant hits your ogre zombie with a +0 spear.
You see here a +0 giant club.
The gnoll sergeant hits your ogre zombie with a +0 spear.
Your ogre zombie hits the gnoll sergeant but does no damage.
The gnoll sergeant hits your ogre zombie with a +0 spear!
You closely miss the gnoll sergeant.
The gnoll sergeant is almost dead.
You block the gnoll sergeant's attack.
Your ogre zombie hits the gnoll sergeant.
Your shield prevents you from hitting the gnoll sergeant.
The gnoll sergeant is almost dead.
You block the gnoll sergeant's attack.
Your ogre zombie closely misses the gnoll sergeant.
You barely miss the gnoll sergeant.
You bite the gnoll sergeant, but do no damage.
The gnoll sergeant is almost dead.
You block the gnoll sergeant's attack.
You closely miss the gnoll sergeant.
You bite the gnoll sergeant, but do no damage.
The gnoll sergeant is almost dead.
You block the gnoll sergeant's attack.
Your ogre zombie hits the gnoll sergeant.
You hit the gnoll sergeant but do no damage.
The gnoll sergeant is almost dead.
The gnoll sergeant hits you with a +0 spear!
The gnoll sergeant hits you with a +0 spear.
Your ogre zombie completely misses the gnoll sergeant.
You hit the gnoll sergeant but do no damage.
The gnoll sergeant is poisoned.
The gnoll sergeant is almost dead.
You kill the gnoll sergeant!
Aiming: Paralyse
Press: ? - help, Shift-Dir - straight line, f - ogre
Aim: an ogre, wielding a +0 giant spiked club (chance to affect: 61%)
The ogre resists with significant effort.
Your ogre zombie hits the ogre.
The ogre hits you with a +0 giant spiked club!!
You die...
Your body rises from the dead as a mindless zombie.

∆ # #.
##.######################
.........)))......)......
≈....≈≈≈≈≈≈≈)≈≈≈≈≈≈)≈≈≈≈.
≈....≈≈≈≈)≈≈≈≈≈≈≈≈≈≈≈≈≈≈.
≈....≈≈≈Z≈≈≈≈≈)((#####≈≈.
......oO@.)..(((.#Kg.#≈≈.
#''''#############...#≈≈.
#... #'###≈≈. #.. ∆
..#.≈≈≈. ...#.≈≈≈. #.≈≈≈.
#.≈≈≈. #.≈≈≈. ∆ #.≈≈≈.


You could see an orc warrior, an ogre (ally target) and a friendly ogre zombie.

Vanquished Creatures
  Pikel (D:6)
  A water moccasin (D:6)
  An orc warrior (D:7)
  7 ogres
  A centaur (D:6)
  Blork the orc (D:4)
  A bullfrog (D:6)
  A gnoll sergeant (D:7)
  2 scorpions
  A wyvern zombie (D:6)
  3 wights (D:7)
  6 howler monkeys (D:7)
  10 hounds
  2 orc priests
  2 jellies (D:6)
  2 gnoll shamans (D:7)
  2 centaur skeletons
  2 iguanas (D:6)
  3 orc wizards
  2 killer bee zombies (D:6)
  2 gnolls (D:7)
  6 adders
  A worm (D:3)
  A dart slug (D:1)
  5 orcs
  2 bats
  9 endoplasms
  A giant cockroach (D:1)
  6 goblins
  9 hobgoblins
  4 jackals
  4 kobolds
  4 quokkas
  4 ball pythons
  2 frilled lizards (D:1)
  7 rats
118 creatures vanquished.

Vanquished Creatures (collateral kills)
  A necrophage (D:5)
  An ogre (D:7)
  2 phantoms
  A lemure (D:6)
  A water moccasin skeleton (D:5)
  A centaur zombie (D:6)
  4 hounds
  3 adders
  An ufetubus (D:6)
  A dart slug (D:3)
  An orc (D:7)
  A giant cockroach (D:2)
  A hobgoblin (D:3)
  A jackal (D:3)
  4 bats
  2 frilled lizards (D:2)
  2 kobolds (D:2)
28 creatures vanquished.

Vanquished Creatures (others)
  A spectral ogre (D:7)
  2 ogre zombies
  5 hound zombies (D:7)
  3 howler monkey zombies (D:7)
  An adder zombie (D:6)
  A gnoll zombie (D:7)
  An iguana zombie (D:6)
  A bat zombie (D:3)
  A dart slug zombie (D:3)
  2 goblin zombies
  A hobgoblin zombie (D:3)
  A jackal zombie (D:3)
  2 orc zombies (D:7)
  A spectral ufetubus (D:6)
  10 plants
33 creatures vanquished.

Grand Total: 179 creatures vanquished

Notes
Turn   | Place    | Note
-------+----------+-------------------------------------------
     0 | D:1      | bearlyready the Gnoll Arcane Marksman began the quest for
                  | the Orb.
     0 | D:1      | Reached XP level 1. HP: 17/17 MP: 4/4
   546 | D:1      | Reached XP level 2. HP: 17/23 MP: 5/5
  1367 | D:1      | Reached XP level 3. HP: 28/28 MP: 7/7
  1543 | D:1      | Found a faded altar of an unknown god.
  1550 | D:1      | Prayed at the altar of an unknown god.
  1550 | D:1      | Became a worshipper of Yredelemnul the Dark
  1550 | D:1      | Reached * piety under Yredelemnul
  2174 | D:2      | Reached skill level 1 in Invocations
  2385 | D:2      | Reached skill level 1 in Short Blades
  2385 | D:2      | Reached skill level 1 in Long Blades
  2385 | D:2      | Reached skill level 1 in Axes
  2385 | D:2      | Reached skill level 1 in Maces & Flails
  2385 | D:2      | Reached skill level 1 in Polearms
  2385 | D:2      | Reached skill level 1 in Staves
  2385 | D:2      | Reached skill level 1 in Bows
  2385 | D:2      | Reached skill level 1 in Crossbows
  2385 | D:2      | Reached skill level 1 in Throwing
  2385 | D:2      | Reached skill level 1 in Armour
  2385 | D:2      | Reached skill level 1 in Stealth
  2385 | D:2      | Reached skill level 1 in Shields
  2385 | D:2      | Reached skill level 1 in Unarmed Combat
  2385 | D:2      | Reached skill level 1 in Evocations
  2402 | D:2      | Reached XP level 4. HP: 13/34 MP: 8/8
  2805 | D:2      | Reached ** piety under Yredelemnul
  2897 | D:2      | Found a sparkling altar of Nemelex Xobeh.
  3019 | D:2      | Reached skill level 1 in Conjurations
  3019 | D:2      | Reached skill level 1 in Summonings
  3019 | D:2      | Reached skill level 1 in Necromancy
  3019 | D:2      | Reached skill level 1 in Translocations
  3019 | D:2      | Reached skill level 1 in Transmutations
  3019 | D:2      | Reached skill level 1 in Fire Magic
  3019 | D:2      | Reached skill level 1 in Ice Magic
  3019 | D:2      | Reached skill level 1 in Air Magic
  3019 | D:2      | Reached skill level 1 in Earth Magic
  3019 | D:2      | Reached skill level 1 in Poison Magic
  3849 | D:3      | Reached XP level 5. HP: 33/40 MP: 9/9
  4560 | D:4      | Noticed Sigmund
  4881 | D:4      | Noticed Blork the orc
  4893 | D:4      | Killed Blork the orc
  4894 | D:4      | Reached XP level 6. HP: 23/47 MP: 10/10
  5422 | D:4      | Reached skill level 5 in Slings
  5422 | D:4      | Reached skill level 5 in Dodging
  5930 | D:5      | Entered Level 5 of the Dungeon
  5991 | D:5      | Reached XP level 7. HP: 28/52 MP: 12/12
  6480 | D:5      | Found a staircase to the Ecumenical Temple.
  6844 | D:5      | Reached XP level 8. HP: 36/60 MP: 14/14
  7138 | Temple   | Entered the Ecumenical Temple
  8299 | D:6      | Noticed Pikel
  8314 | D:6      | Killed Pikel
  8315 | D:6      | Reached XP level 9. HP: 43/66 MP: 14/16
  8738 | D:6      | Reached skill level 5 in Spellcasting
  8790 | D:6      | Reached *** piety under Yredelemnul
  8977 | D:7      | Reached skill level 5 in Fighting
  9287 | D:7      | Reached skill level 5 in Invocations
  9526 | D:7      | Noticed a kobold demonologist
  9602 | D:7      | Reached XP level 10. HP: 58/74 MP: 18/18
  9699 | D:7      | Slain by an ogre

Illustrated notes

Levels and vault maps discovered:
D:1:      minmay_arrival_four_circles, layout_basic,
          ebering_ecumenical_altar_sacrificial, serial_bayou_ford_a,
          minmay_misc_feat_encased, grunt_decor_cap, kennysheep_minor_cross
D:2:      layout_rooms, basic_altar
D:3:      layout_basic
D:4:      layout_gridville, wad_rectangle_vault, uniq_sigmund,
          uniq_blork_the_orc
D:5:      layout_basic, minmay_temple_entry_grid
D:6:      layout_loops_ring, kennysheep_opposing_triangles, uniq_pikel
D:7:      lemuel_castle_with_subvaults [lemuel_castle_interior_carwin_2],
          layout_basic, serial_shops, kennysheep_mini, grunt_ministairs_6
Temple:   roderic_octagonal_lattice_temple

Skill      XL: |  1  2  3  4  5  6  7  8  9 10 |
---------------+-------------------------------+-----
Invocations    | 1 2 3 4 5 |  5.3
Short Blades   | 1 2 3 4 |  4.8
Long Blades    | 1 2 3 4 |  4.8
Axes           | 1 2 3 4 |  4.8
Maces & Flails | 1 2 3 4 |  4.8
Polearms       | 1 2 3 4 |  4.8
Staves         | 1 2 3 4 |  4.8
Bows           | 1 2 3 4 |  4.8
Crossbows      | 1 2 3 4 |  4.8
Throwing       | 1 2 3 4 |  4.8
Armour         | 1 2 3 4 |  4.8
Stealth        | 1 2 3 4 |  4.8
Shields        | 1 2 3 4 |  4.8
Unarmed Combat | 1 2 3 4 |  4.8
Evocations     | 1 2 3 4 |  4.8
Spellcasting   | 3 4 5 |  5.7
Conjurations   | 1 2 3 4 |  4.0
Summonings     | 1 2 3 4 |  4.0
Necromancy     | 1 2 3 4 |  4.0
Translocations | 1 2 3 4 |  4.0
Transmutations | 1 2 3 4 |  4.0
Fire Magic     | 1 2 3 4 |  4.0
Ice Magic      | 1 2 3 4 |  4.0
Air Magic      | 1 2 3 4 |  4.0
Earth Magic    | 1 2 3 4 |  4.0
Poison Magic   | 1 2 3 4 |  4.0
Fighting       | 3 4 5 |  5.5
Slings         | 5 6 |  6.7
Dodging        | 5 6 |  6.7
Hexes          | 6 |  6.8

Action                   |  1- 3 |  4- 6 |  7- 9 | 10-12 || total
-------------------------+-------+-------+-------+-------++-------
Melee: Unarmed           |    30 |       |       |       ||    30
       Bite              |    11 |    15 |    27 |     3 ||    56
       Short sword       |   112 |    20 |    31 |    10 ||   173
       Whip              |       |   190 |   204 |       ||   394
       Punch             |       |     1 |       |       ||     1
       Spear             |       |       |     4 |       ||     4
 Fire: Hunting sling     |    20 |       |    72 |       ||    92
Throw: Throwing net      |       |     1 |       |       ||     1
       Dart              |       |       |    15 |       ||    15
       Stone             |       |       |     2 |       ||     2
Invok: Dark Bargain      |       |     1 |       |       ||     1
       Recall Undead Har |       |     1 |       |       ||     1
Evoke: Wand              |       |       |    11 |     1 ||    12
  Use: Potion            |     3 |     2 |     3 |       ||     8
       Scroll            |       |     3 |       |       ||     3
 Stab: Sleeping          |     4 |       |     3 |       ||     7
       Distracted        |       |     1 |     2 |       ||     3
       Paralysed         |       |       |     1 |       ||     1
Armor: Robe              |     7 |       |     9 |       ||    16
       Scale mail        |    25 |    83 |    34 |       ||   142
Dodge: Dodged            |    94 |    55 |    63 |       ||   212
Block: Kite shield       |       |   114 |   146 |     5 ||   265

Table legend: (Time is in decaauts)
 A = Elapsed time spent in this place.
 B = Non-inter-level travel time spent in this place.
 C = Inter-level travel time spent in this place.
 D = Time resting spent in this place.
 E = Time spent auto-exploring this place.
 F = Levels seen in this place.
 G = Mean time per level.
                   A        B        C        D        E       F      G
               +--------+--------+--------+--------+--------+-----+--------+
         Total |   9808 |   9479 |    329 |    981 |   6810 |   8 | 1226.0 |
       Dungeon |   9806 |   9477 |    329 |    981 |   6810 |   7 | 1400.9 |
        Temple |      1 |      1 |      0 |      0 |      0 |   1 |    1.0 |
               +--------+--------+--------+--------+--------+-----+--------+

Top non-repeatable levels by time:
     D:1: 2103 daAuts
     D:6: 1786 daAuts
     D:3: 1785 daAuts
     D:5: 1241 daAuts
     D:2: 1152 daAuts
     D:4: 932 daAuts
     D:7: 805 daAuts
  Temple: 1 daAuts
